 Dungeon Crawl Stone Soup version 0.28.0 (webtiles) character file.

Game seed: 7743981933874509592

3443 funkygono the Arsonist (level 10, -1/76 HPs)
             Began as a Gargoyle Fire Elementalist on Feb 16, 2022.
             Was an Initiate of Vehumet.
             Killed from afar by a rime drake (11 damage)
             ... with a flash freeze
             ... on level 8 of the Dungeon.
             The game lasted 00:16:31 (10910 turns).

funkygono the Arsonist (GrFE)                      Turns: 10910, Time: 00:16:32

Health: -1/76      AC: 25    Str: 12    XL:     10   Next: 5%
Magic:  1/22       EV:  2    Int: 20    God:    Vehumet [......]
Gold:   489        SH:  0    Dex: 10    Spells: 9/26 levels left

rFire   + . .      SeeInvis .   p - staff of fire
rCold   . . .      Faith    .   (no shield)
rNeg    + . .      Spirit   .   (armour currently unavailable)
rPois   ∞          Reflect  .   (helmet currently unavailable)
rElec   .          Harm     .   (cloak currently unavailable)
rCorr   .          Rampage  .   (gloves currently unavailable)
Will    .....      NoTele   +   (boots currently unavailable)
Stlth   ++........              (no amulet)
HPRegen 0.22/turn               f - ring of flight
MPRegen 0.18/turn               (no ring)

@: tree-form
A: stationary, stasis, torment immunity, boosted hp, sickness immunity, AC +7,
negative energy resistance 1, (electricity resistance), torment resistance 1,
petrification resistance
a: Renounce Religion


You were on level 8 of the Dungeon.
You worshipped Vehumet.
Vehumet was noncommittal.
You were a tree.
You visited 2 branches of the dungeon, and saw 9 of its levels.

You collected 489 gold pieces.

Inventory:

Hand Weapons
 b - a +0 whip
 d - a +0 quarterstaff
 w - a +1 flail of draining
 F - a +1 flail of protection
Missiles
 c - 235 stones
 e - a throwing net
Armour
 a - a +0 robe
 j - a +0 ring mail
 l - the +0 scale mail "Zeshoopt" {Str+3}
   (You took it off a kobold on level 2 of the Dungeon)

   Str:       It affects your strength (+3).
 o - a +1 helmet (melded)
 v - a +2 pair of gloves (melded)
 z - the +18 shield of the Gong {rElec rN+ Will+ EV-5}
   (You found it on level 7 of the Dungeon)

   It is deafeningly noisy when blocking attacks.
   EV:        It affects your evasion (-5).
   rElec:     It insulates you from electricity.
   rN:        It protects you from negative energy.
   Will:      It increases your willpower.
 E - a +1 robe of fire resistance (melded)
Magical Staves
 p - a staff of fire (weapon)
 A - a staff of air
Jewellery
 f - a ring of flight (left branch)
 k - a ring of ice
Wands
 m - a wand of flame (18)
 y - a wand of iceblast (13)
 D - a wand of charming (5)
Scrolls
 h - a scroll of holy word
 t - a scroll of enchant armour
 B - 3 scrolls of teleportation
Potions
 g - a potion of haste
 i - 2 potions of resistance {unknown}
 n - a potion of curing {unknown}
 q - a potion of lignification
 r - 4 potions of mutation
 s - 3 potions of attraction {unknown}
 u - 2 potions of berserk rage {unknown}
 x - a potion of brilliance {unknown}
 C - a potion of ambrosia {unknown}
 G - a potion of invisibility {unknown}


   Skills:
 + Level 0.4 Fighting
 + Level 2.2 Dodging
 - Level 2.1 Stealth
 * Level 8.5 Spellcasting
 * Level 6.7 Conjurations
 + Level 0.2 Hexes
 * Level 8.6 Fire Magic
 * Level 3.0 Earth Magic


You had 9 spell levels left.
You knew the following spells:

 Your Spells              Type           Power      Damage    Failure   Level
a - Foxfire               Conj/Fire      100%       2x1d9     1%          1
b - Scorch                Fire           100%       2d10      1%          2
c - Conjure Flame         Conj/Fire      56%        6-21      1%          3
d - Inner Flame           Hex/Fire       39%        N/A       4%          3
e - Flame Wave            Conj/Fire      56%        2d11      3%          4
f - Sandblast             Erth           40%        2d10      2%          1
g - Stone Arrow           Conj/Erth      56%        3d10      3%          3

Your spell library contained the following spells:

 Spells                   Type           Power      Damage    Failure   Level
 Passwall                 Tmut/Erth      11%        N/A       7%          2
 Petrify                  Tmut/Erth      14%        N/A       41%         4
 Irradiate                Conj/Tmut      11%        3d17      50%         5
 Sublimation of Blood     Necr           Unusable   N/A       N/A         2

Dungeon Overview and Level Annotations

Branches:
Dungeon (8/15)             Temple (1/1) D:5
   Lair: D:8-11

Altars:
Ashenzari
Dithmenos
Elyvilon
Fedhas
Gozag
Hepliaklqana
Kikubaaqudgha
Makhleb
Nemelex Xobeh
Okawaru
Qazlal
Sif Muna
Trog
Uskayaw
Vehumet
Wu Jian
Yredelemnul
Zin
The Shining One

Annotations:
D:3 3 runed translucent doors, p0werm0de's ghost, amateur MiFi
D:4 3 runed translucent doors, benappo's ghost, weakling GnWn


Innate Abilities, Weirdness & Mutations

You are a tree.
Your roots penetrate the ground, keeping you stationary.
You cannot be teleported.
You are immune to unholy pain and torment.
Your maximum health is greatly increased.
Your equipment is partially melded.
You are immune to sickness and miasma.
((Your stone body is resilient. (AC +7)))
You are immune to poison.
You resist negative energy. (rN+)
((You are resistant to electric shocks. (rElec)))
You are resistant to unholy torment.
You are immune to petrification.


Message History

Found 8 sling bullets.
It was a potion of lignification.
You turn into a tree.
Your +1 helmet melds into your body.
Your +2 pair of gloves melds into your body.
Your +1 robe of fire resistance melds into your body.
You feel less resistant to fire.
Your roots penetrate the ground.
The ice encasing you melts away. The rime drake breathes ice at you.
The flash freeze hits you!
* * * LOW HITPOINT WARNING * * *
You are encased in ice.
Casting: Stone Arrow (dangerous; 3% risk of failure)
Confirm with . or Enter, or press ? or * to list all spells.
Aiming: Stone Arrow (dangerous; 3% risk of failure)
Press: ? - help, Shift-Dir - straight line, f - rime drake
Aim: a rime drake (catching its breath, 64% to hit)
The stone arrow hits the rime drake!!
The rime drake is severely wounded.
The rime drake bites you but does no damage.
Unknown command.
Casting: Stone Arrow (dangerous; 3% risk of failure)
Confirm with . or Enter, or press ? or * to list all spells.
You don't have enough magic to cast this spell.
Unknown command.
Unknown command.
Casting: Stone Arrow (dangerous; 3% risk of failure)
Confirm with . or Enter, or press ? or * to list all spells.
You don't have enough magic to cast this spell.
You miss the rime drake.
The rime drake is severely wounded.
The ice encasing you melts away.
The rime drake bites you but does no damage.
You closely miss the rime drake.
The rime drake is severely wounded.
The rime drake bites you but does no damage. x2
You closely miss the rime drake.
The rime drake is severely wounded.
The rime drake breathes ice at you. The flash freeze hits you!
You die...

.# .##### #. .#
...... #####(##.#
.##### ..§......#
.# ≈§≈≈§≈≈..# .#
#.≈.......≈..# .#
#.≈.≈§≈≈≈.≈..# .#
#.≈.≈.._≈.≈..# ##
#.≈.≈.§≈≈.≈♣.# #
#.§§≈.....≈k.#
##.≈≈≈≈≈§≈≈≈§.#
#####.§§....§§§§.§#
.......≈.§≈≈§§§§.##
######.≈.§_.§§§§.##
#.≈.≈≈≈≈≈.≈..#
#.≈....§§§§§.####
#.≈≈≈§≈≈≈§≈...††#


You could see a rime drake (catching breath).

Vanquished Creatures
  2 vault sentinels (D:7)
  2 rime drakes (D:8)
  Grinder (D:6)
  Edmund (D:6)
  An ice beast (D:7)
  An ogre (D:4)
  2 centaurs
  A necrophage (D:5)
  A kobold brigand (D:6)
  4 bullfrogs
  3 scorpions
  3 water moccasin skeletons
  3 wights (D:6)
  A bullfrog zombie (D:6)
  2 jellies (D:5)
  2 hounds (D:7)
  4 orc priests
  3 iguanas
  A bullfrog skeleton (D:3)
  A centaur skeleton (D:4)
  Natasha (thrice) (D:2)
  3 orc wizards
  A howler monkey zombie (D:6)
  5 gnolls
  4 adders
  A white imp (D:8)
  An adder skeleton (D:5)
  2 worms (D:4)
  A dart slug (D:1)
  21 orcs
  4 endoplasms
  7 giant cockroaches
  7 goblins
  7 hobgoblins
  7 jackals
  4 quokkas
  6 ball pythons
  7 bats
  4 frilled lizards
  15 kobolds
  2 rats (D:2)
151 creatures vanquished.

Vanquished Creatures (others)
  496 foxfires
  3 plants (D:3)
499 creatures vanquished.

Grand Total: 650 creatures vanquished

Notes
Turn   | Place    | Note
-------+----------+-------------------------------------------
     0 | D:1      | funkygono the Gargoyle Fire Elementalist began the quest
                  | for the Orb.
     0 | D:1      | Reached XP level 1. HP: 10/10 MP: 3/3
   122 | D:1      | Reached XP level 2. HP: 15/15 MP: 0/5
   314 | D:1      | Learned a level 2 spell: Scorch
   549 | D:1      | Found a faded altar of an unknown god.
   690 | D:1      | Reached XP level 3. HP: 19/19 MP: 3/6
   694 | D:1      | Learned a level 3 spell: Conjure Flame
  1567 | D:2      | Reached XP level 4. HP: 24/24 MP: 2/8
  1678 | D:2      | Noticed Natasha
  1685 | D:2      | Killed Natasha
  1799 | D:2      | Identified the +0 scale mail "Zeshoopt" {Str+3}
  1990 | D:2      | Reached XP level 5. HP: 23/28 MP: 3/9
  2073 | D:2      | Learned a level 3 spell: Inner Flame
  2118 | D:2      | Noticed Natasha
  2422 | D:2      | Killed Natasha
  2886 | D:2      | Noticed Natasha
  2890 | D:2      | Killed Natasha
  3591 | D:3      | Found an opulent altar of Gozag.
  3605 | D:3      | Found a runed translucent gate.
  3606 | D:3      | Found a runed translucent gate.
  3607 | D:3      | Found a runed translucent gate.
  3610 | D:3      | Noticed a kobold brigand
  3610 | D:3      | Noticed p0werm0de's ghost (amateur MiFi)
  4048 | D:4      | Reached XP level 6. HP: 32/32 MP: 7/11
  4484 | D:4      | Found a runed translucent gate.
  4486 | D:4      | Found a runed translucent gate.
  4486 | D:4      | Found a runed translucent gate.
  4489 | D:4      | Noticed benappo's ghost (weakling GnWn)
  4607 | D:4      | Reached skill level 5 in Fire Magic
  4911 | D:4      | Found a shimmering blue altar of Sif Muna.
  4962 | D:4      | Reached XP level 7. HP: 36/36 MP: 7/14
  5099 | D:4      | Found a white marble altar of Elyvilon.
  5215 | D:4      | Found an iron altar of Okawaru.
  5215 | D:4      | Found a bloodstained altar of Trog.
  5342 | D:4      | Learned a level 4 spell: Flame Wave
  5350 | D:4      | Learned a level 1 spell: Sandblast
  5371 | D:5      | Entered Level 5 of the Dungeon
  5416 | D:5      | Reached skill level 5 in Spellcasting
  5931 | D:5      | Found a staircase to the Ecumenical Temple.
  6374 | D:5      | Reached XP level 8. HP: 41/41 MP: 12/16
  7025 | D:6      | Noticed Grinder
  7036 | D:6      | Killed Grinder
  7576 | D:6      | Reached skill level 5 in Conjurations
  7726 | D:6      | Noticed Edmund
  7738 | D:6      | Killed Edmund
  8706 | Temple   | Entered the Ecumenical Temple
  8750 | Temple   | Became a worshipper of Vehumet
  8834 | D:6      | Learned a level 3 spell: Stone Arrow
  8951 | D:7      | Reached XP level 9. HP: 46/46 MP: 13/19
  9490 | D:7      | Noticed a vault sentinel
  9490 | D:7      | Noticed a vault sentinel
  9510 | D:7      | Killed a vault sentinel
  9511 | D:7      | Reached skill level 1 in Earth Magic
  9659 | D:7      | Killed a vault sentinel
  9814 | D:7      | Found the +18 shield of the Gong {rElec rN+ Will+ EV-5}
 10512 | D:8      | Found a shadowy altar of Dithmenos.
 10863 | D:8      | Found a basalt altar of Yredelemnul.
 10865 | D:8      | Found a burning altar of Makhleb.
 10880 | D:8      | Noticed a rime drake
 10883 | D:8      | Noticed a rime drake
 10892 | D:8      | Noticed a rime drake
 10895 | D:8      | Killed a rime drake
 10897 | D:8      | Killed a rime drake
 10898 | D:8      | Reached XP level 10. HP: 23/51 MP: 1/22
 10910 | D:8      | Killed from afar by a rime drake

Illustrated notes

Levels and vault maps discovered:
D:1:      tarquinn_simple_flora_water_e, layout_loops_cross,
          chequers_ecumenical_altar_island, skrybe_limestone_x
D:2:      layout_basic, hangedman_decor_clover_reticule, st_stairs_7,
          chequers_mini_garden, uniq_natasha
D:3:      layout_basic, grunt_gozag_statues, gammafunk_ghost_nasty_kobolds
D:4:      layout_loops_ring, grunt_temple_overflow_bloody_war,
          nicolae_sif_muna_little_library, mainiacjoe_overflow_alcove_1,
          ebering_ghost_rock_garden, minmay_cut_off
D:5:      layout_basic, minmay_temple_entry_from_below_b, minivault_5,
          chequers_jeans
D:6:      layout_basic, uniq_edmund, uniq_grinder
D:7:      layout_basic, hellmonk_guarded_unrand_gong
D:8:      layout_loops_ring, lemuel_tele_altar,
          mainiacjoe_overflow_tiny_flanked, mainiacjoe_overflow_catwalk_spiral,
          kennysheep_slug_shrine, hellmonk_guarded_unrand_zhor
Temple:   jpeg_temple_clearing

Skill      XL: |  1  2  3  4  5  6  7  8  9 |
---------------+----------------------------+-----
Conjurations   | 2 3 4 5 6 |  6.7
Fire Magic     | 4 5 6 7 8 |  8.6
Spellcasting   | 3 4 5 6 8 |  8.5
Dodging        | 2 |  2.2
Earth Magic    | 3 |  3.0
Fighting       | |  0.4
Stealth        | |  2.1
Hexes          | |  0.2

Action                   |  1- 3 |  4- 6 |  7- 9 | 10-12 || total
-------------------------+-------+-------+-------+-------++-------
Melee: Whip              |     2 |       |       |       ||     2
       Staff             |       |     1 |       |     3 ||     4
 Cast: Foxfire           |    48 |    91 |   163 |       ||   302
       Scorch            |     6 |    13 |    29 |       ||    48
       Stone Arrow       |       |       |    15 |     1 ||    16
       Inner Flame       |       |       |     1 |       ||     1
       Flame Wave        |       |       |     1 |       ||     1
  Use: Scroll            |       |     2 |    10 |       ||    12
       Potion            |       |       |       |     1 ||     1
Armor: Robe              |     1 |     6 |    31 |       ||    38
       Skin              |       |       |       |     4 ||     4
Dodge: Dodged            |     6 |     7 |    48 |       ||    61
